 Dungeon Crawl Stone Soup version 0.16-a0-326-g6f2d4d4 (webtiles) character file.

882 PolkaDot the Summoner (level 7, -8/46 HPs)
             Began as a Vampire Summoner on Sept 4, 2014.
             Was a Believer of Sif Muna.
             Mangled by Joseph
             ... wielding a +0 quarterstaff
              (13 damage)
             ... on Level 8 of the Dungeon.
             The game lasted 00:25:53 (6829 turns).

PolkaDot the Summoner (Vampire Summoner)            Turns: 6829, Time: 00:25:54

HP  -8/46        AC  5     Str 12      XL: 7   Next: 76%
MP   3/12        EV 18     Int 19      God: Sif Muna [**....]
Gold 368         SH  0     Dex 19      Spells:  4 memorised,  0 levels left

rFire  . . .     SeeInvis +     s - +0 dagger (drain)
rCold  . . .     Clarity  .     a - +0 robe
rNeg   + + .     rCorr    .     (no shield)
rPois  .         rRot     .     (no helmet)
rElec  .         Spirit   .     h - +0 cloak
SustAb .         Warding  .     r - +0 pair of gloves
rMut   .         Stasis   .     t - +0 pair of boots
Gourm  .                        (no amulet)
MR     .....                    (no ring)
                                x - ring of positive energy

@: mighty, agile, very slightly contaminated, invisible, not resistant to
hostile enchantments, stealthy
A: bottle blood, fangs 3, see invisible, unbreathing
a: Bat Form, Bottle Blood, Channel Energy, Forget Spell, Renounce Religion


You were on level 8 of the Dungeon.
You worshipped Sif Muna.
Sif Muna was pleased with you.
You were not thirsty.

You visited 2 branches of the dungeon, and saw 9 of its levels.

You collected 368 gold pieces.

Inventory:

Hand weapons
 s - a +0 dagger of draining (weapon)
Armour
 a - a +0 robe (worn)
 h - a +0 cloak (worn)
 r - a +0 pair of gloves (worn)
 t - a +0 pair of boots (worn)
Magical devices
 g - a wand of draining (1) {unknown}
 m - a wand of slowing (9)
 v - a wand of fire (6) {unknown}
 A - a wand of disintegration (13) {unknown}
Scrolls
 c - 2 scrolls of teleportation
 o - a scroll of enchant weapon
 q - 2 scrolls of noise
 y - a scroll of fog {unknown}
 z - a scroll of remove curse
Jewellery
 x - a ring of positive energy (left hand)
Potions
 d - a potion of cancellation
 e - a potion of lignification
 j - a potion of mutation {!q}
 l - a potion of flight
 n - a potion of brilliance {unknown}
 p - 2 potions of agility
 u - 2 potions of might
 w - a potion of invisibility
Books
 b - a book of Callings

   Spells                             Type                      Level
   *Summon Small Mammal               Summoning                    1
   *Call Imp                          Summoning                    2
   *Call Canine Familiar              Summoning                    3
   Summon Guardian Golem              Hexes/Summoning              4
   Summon Lightning Spire             Summoning/Air                4
   *Summon Ice Beast                  Ice/Summoning                4
 f - a Necronomicon {highlevel, unknown}

   This book is beyond your current level of understanding.

   Spells                             Type                      Level
   Haunt                              Necromancy/Summoning         7
   Borgnjor's Revivification          Necromancy                   8
   Death's Door                       Charms/Necromancy            8
   Necromutation                      Transmutation/Necromancy     8


   Skills:
 - Level 2.1 Dodging
 - Level 3.0 Stealth
 - Level 2.0 Spellcasting
 * Level 9.7 Summonings


You couldn't memorise any spells.
You knew the following spells:

 Your Spells              Type           Power        Failure   Level  Hunger
a - Summon Small Mammal   Summ           ####         1%          1    #......
d - Call Canine Familiar  Summ           #####...     1%          3    ####...
i - Summon Ice Beast      Ice/Summ       ###.....     28%         4    #####..
s - Call Imp              Summ           #####...     1%          2    ##.....


Dungeon Overview and Level Annotations

Branches:
Dungeon (8/15)             Temple (1/1) D:4
   Lair: D:8-11

Altars:
Ashenzari
Cheibriados
Dithmenos
Elyvilon
Fedhas
Gozag
Kikubaaqudgha
Makhleb
Nemelex Xobeh
Okawaru
Qazlal
Sif Muna
Trog
Xom
Yredelemnul
Zin
The Shining One

Shops:
D:7 }

Annotations:
D:8 Joseph


Innate Abilities, Weirdness & Mutations

You can bottle blood from corpses.
You have razor-sharp teeth.
You have supernaturally acute eyesight.
You can survive without breathing.


Message History

You are very lightly contaminated with residual magic.
Your shadow imp barely misses Joseph.
Joseph shoots a sling bullet.
The sling bullet hits your hound!! The sling bullet burns your hound!
Your hound dies!
Your hound's corpse disappears in a puff of smoke!
Your shadow imp hits Joseph but does no damage.
Joseph shoots a sling bullet.
Your shadow imp hits Joseph but does no damage.
You puncture Joseph!
Joseph is lightly wounded.
Joseph unwields an uncursed hunting sling of flaming.
It stops flaming.
Joseph wields an uncursed quarterstaff.
Joseph hits you with an uncursed quarterstaff!
* * * LOW HITPOINT WARNING * * *
Your shadow imp hits Joseph but does no damage.
You hit Joseph.
Joseph is moderately wounded.
Your shadow imp misses Joseph.
Joseph hits you with an uncursed quarterstaff!
You die...

.. .........## #.# ..
.......## #.# ..
......# ########.### .
... ##..(##(....####
...##.......###....####
#........r..######...#
##.......5...# #####
##............#
#......@......#
#......5@....##
.............#
.............#
............##
........$..#
.........## ........#
...


You could see Joseph (invisible), a friendly iron imp, a friendly shadow imp and
a friendly quokka.

Vanquished Creatures
  A centaur (D:6)
  A scorpion (D:6)
  2 orc wizards
  An iguana (D:7)
  3 adders
  A giant mite (D:4)
  A worm (D:4)
  A giant gecko (D:7)
  7 orcs
  10 bats
  6 giant cockroaches
  11 hobgoblins
  3 quokkas
  4 giant newts
  A giant newt skeleton (D:4)
  11 goblins
  5 kobolds
  A quokka skeleton (D:6)
  14 rats
84 creatures vanquished.

Vanquished Creatures (collateral kills)
  A two-headed ogre (D:8)
  Prince Ribbit (D:6)
  2 necrophages (D:7)
  A big kobold (D:7)
  2 scorpions
  A jelly (D:5)
  A hippogriff skeleton (D:5)
  A crimson imp (D:7)
  An elf skeleton (D:8)
  A black bear skeleton (D:4)
  2 orc wizards (D:7)
  Ijyb (D:4)
  Jessica (D:2)
  A scorpion zombie (D:5)
  3 adders
  A giant mite (D:7)
  2 shadow imps
  A worm (D:2)
  4 orcs
  2 bats
  A goblin (D:5)
  3 hobgoblins (D:5)
  5 kobolds
  A quokka (D:3)
  A rat (D:8)
41 creatures vanquished.

Vanquished Creatures (others)
  A wolf (D:8)
  5 crimson imps (D:6)
  3 hounds
  2 shadow imps
  A white imp (D:6)
  2 bats (D:7)
  5 quokkas
  2 rats
21 creatures vanquished.

Grand Total: 146 creatures vanquished

Notes
Turn   | Place    | Note
--------------------------------------------------------------
     0 | D:1      | PolkaDot, the Vampire Summoner, began the quest for the Orb.
     0 | D:1      | Reached XP level 1. HP: 13/13 MP: 3/3
   675 | D:1      | Reached XP level 2. HP: 14/19 MP: 4/4
   679 | D:1      | Learned a level 2 spell: Call Imp
  1440 | D:2      | Reached skill level 5 in Summonings
  1531 | D:2      | Reached XP level 3. HP: 22/24 MP: 6/6
  1536 | D:2      | Learned a level 3 spell: Call Canine Familiar
  1578 | D:2      | Noticed Jessica
  1602 | D:2      | Killed Jessica
  2075 | D:3      | Reached XP level 4. HP: 27/30 MP: 1/7
  2503 | D:4      | Found a staircase to the Ecumenical Temple.
  2511 | Temple   | Entered the Ecumenical Temple
  2706 | Temple   | Became a worshipper of Sif Muna the Loreminder
  2747 | D:4      | Noticed Ijyb
  2760 | D:4      | Killed Ijyb
  2760 | D:4      | Reached skill level 6 in Summonings
  3131 | D:4      | Found a snail-covered altar of Cheibriados.
  3131 | D:4      | Found a shimmering altar of Xom.
  3132 | D:4      | Found a stormy altar of Qazlal.
  3206 | D:4      | Reached XP level 5. HP: 35/35 MP: 9/9
  3270 | D:4      | Found a shadowy altar of Dithmenos.
  3746 | D:4      | Found a sparkling altar of Nemelex Xobeh.
  3844 | D:5      | Entered Level 5 of the Dungeon
  4103 | D:5      | Reached skill level 7 in Summonings
  4542 | D:5      | Found a snail-covered altar of Cheibriados.
  4693 | D:6      | Noticed a centaur
  4706 | D:6      | Killed a centaur
  4706 | D:6      | Reached XP level 6. HP: 37/41 MP: 10/10
  4775 | D:6      | Acquired Sif Muna's first power
  5179 | D:6      | Noticed Prince Ribbit
  5188 | D:6      | HP: 2/41 [Prince Ribbit (20)]
  5214 | D:6      | Killed Prince Ribbit
  5214 | D:6      | Reached skill level 8 in Summonings
  5420 | D:7      | Reached XP level 7. HP: 35/46 MP: 0/12
  5739 | D:7      | Found Shretube's Gadget Emporium.
  5747 | D:7      | Learned a level 4 spell: Summon Ice Beast
  5833 | D:7      | Reached skill level 9 in Summonings
  6052 | D:7      | Found a shimmering altar of Xom.
  6808 | D:8      | Noticed a two-headed ogre
  6817 | D:8      | Noticed Joseph
  6818 | D:8      | Killed a two-headed ogre
  6818 | D:8      | Acquired Sif Muna's second power
  6829 | D:8      | Mangled by Joseph

Action                   |  1- 3 |  4- 6 |  7- 9 || total
-------------------------+-------+-------+-------++-------
Melee: Dagger            |   167 |   200 |    50 ||   417
       Unarmed           |    33 |       |       ||    33
 Cast: Summon Small Mamm |     2 |     5 |    16 ||    23
       Call Imp          |    10 |    23 |    11 ||    44
       Call Canine Famil |       |    10 |     7 ||    17
Invok: Channel Energy    |       |    12 |    11 ||    23
 Abil: Bottle Blood      |       |     2 |       ||     2
  Use: Potion            |     2 |     5 |     3 ||    10
       Scroll            |     2 |    10 |     3 ||    15
 Stab: Sleeping          |     5 |     6 |     1 ||    12
       Distracted        |       |     1 |     1 ||     2
  Eat: Corpse            |    16 |    23 |     8 ||    47
